 Dungeon Crawl Stone Soup version 0.23.2-40-g277498a001 (webtiles) character file.

Game seed: 91164417881101429

478 FishyPogo the Charmwright (level 7, -2/56 HPs)
             Began as a Gnoll Skald on Oct 11, 2019.
             Was a Believer of Okawaru.
             Slain by an orc
             ... wielding a +0 short sword
              (4 damage)
             ... on level 3 of the Dungeon.
             The game lasted 00:08:40 (2057 turns).

FishyPogo the Charmwright (Gnoll Skald)             Turns: 2057, Time: 00:08:40

Health: -2/56      AC:  3    Str: 13    XL:     7   Next: 11%
Magic:  5/15       EV: 15    Int: 15    God:    Okawaru [**....]
Gold:   151        SH:  0    Dex: 17    Spells: 8/17 levels left

rFire    . . .     SeeInvis .   a - +0 falchion
rCold    . . .     Gourm    .   (no shield)
rNeg     + . .     Faith    .   p - +0 robe {rN+}
rPois    .         Spirit   .   (no helmet)
rElec    .         Reflect  .   (no cloak)
rCorr    .         Harm     .   m - +0 pair of gloves
MR       .....                  (no boots)
Stlth    ++........             (no amulet)
HPRegen  1.18/turn              (no ring)
MPRegen  0.14/turn              (no ring)

@: infused, regenerating
A: distributed training, fangs 1, strong nose
a: Heroism, Renounce Religion


You were on level 3 of the Dungeon.
You worshipped Okawaru.
Okawaru was pleased with you.
You were not hungry.

You visited 1 branch of the dungeon, and saw 3 of its levels.

You collected 151 gold pieces.

Inventory:

Hand Weapons
 a - a +0 falchion (weapon)
Missiles
 e - 134 stones (quivered)
Armour
 b - a +0 leather armour
 m - a +0 pair of gloves (worn)
 p - a +0 robe of positive energy (worn)
Scrolls
 c - a scroll of teleportation {unknown}
 g - a scroll of fog {unknown}
 h - a scroll of magic mapping {unknown}
 k - a scroll of remove curse {unknown}
 n - a scroll of fear {unknown}
 o - a scroll of noise {unknown}
Potions
 i - a potion of degeneration {unknown}
 j - a potion of lignification {unknown}
 l - a potion of might {unknown}
Comestibles
 d - 4 rations
 f - 13 chunks of flesh


   Skills:
 + Level 5.1 Fighting
 + Level 2.2 Short Blades
 + Level 5.1 Long Blades
 + Level 2.2 Axes
 + Level 2.2 Maces & Flails
 + Level 2.2 Polearms
 + Level 2.2 Staves
 + Level 2.2 Slings
 + Level 2.2 Bows
 + Level 2.2 Crossbows
 + Level 2.2 Throwing
 + Level 3.4 Armour
 + Level 5.1 Dodging
 + Level 2.2 Stealth
 + Level 2.2 Shields
 + Level 2.2 Unarmed Combat
 + Level 5.5 Spellcasting
 + Level 1.8 Conjurations
 + Level 1.8 Hexes
 + Level 5.7 Charms
 + Level 1.8 Summonings
 + Level 1.8 Necromancy
 + Level 1.8 Translocations
 + Level 1.8 Transmutations
 + Level 1.8 Fire Magic
 + Level 1.8 Ice Magic
 + Level 1.8 Air Magic
 + Level 1.8 Earth Magic
 + Level 1.8 Poison Magic
 + Level 2.5 Invocations
 + Level 2.2 Evocations


You had 8 spell levels left.
You knew the following spells:

 Your Spells              Type           Power        Failure   Level  Hunger
d - Infusion              Chrm           ###.         1%          1    None
e - Regeneration          Chrm/Necr      ###.......   10%         3    ###....
f - Shroud of Golubria    Chrm/Tloc      ###.......   4%          2    #......
g - Spectral Weapon       Hex/Chrm       ###.....     10%         3    ###....

Your spell library contained the following spells:

 Spells                   Type           Power        Failure   Level  Hunger
 Song of Slaying          Chrm           ###.....     2%          2    #......


Dungeon Overview and Level Annotations

Branches:
Dungeon (3/15)

Altars:
Ashenzari
Gozag
Okawaru
Trog
Vehumet
The Shining One


Innate Abilities, Weirdness & Mutations

Your experience applies equally to all skills.
You have very sharp teeth.
Your uncanny sense of smell can sniff out nearby items.


Message History

The orc priest hits you with a +0 flail.
* * * LOW HITPOINT WARNING * * *
The orc closely misses you.
You riposte.
You hit the orc.
You kill the orc!
Okawaru accepts your kill.
Casting: Infusion (safe; 1% risk of failure)
Confirm with . or Enter, or press ? or * to list all spells.
Your skin crawls.
The orc hits you but does no damage.
The orc priest hits you with a +0 flail!
* * * LOW HITPOINT WARNING * * *
You hit the orc priest.
You kill the orc priest!
Okawaru accepts your kill. The orc hits you but does no damage.
You hit the orc. You bite the orc, but do no damage.
The orc is heavily wounded.
The orc hits you with a +0 short sword.
* * * LOW HITPOINT WARNING * * *
The orc hits you with a +0 short sword.
You die...

........# ##.)...#
....#....# #.%....#
.......#... ##......#
..##......#. #.......#
∆
..##..###...#..#...###
.....## #....##.###
..#### #....##.# ..#
###..#..#.#
..###..>........@#
......# ####...o#
#.###### #..)))..#
.......# #.....###
........# #..?..#
......... ###.#..
......... #. ...
......... ## ###
.........


You could see an orc.

Vanquished Creatures
  Grinder (D:3)
  An ice beast (D:2)
  An orc wizard (D:3)
  An orc priest (D:3)
  Jessica (D:3)
  3 adders (D:2)
  2 oozes
  4 worms
  A dart slug (D:3)
  6 orcs (D:3)
  6 bats
  3 giant cockroaches
  9 goblins
  5 hobgoblins
  8 jackals
  2 ball pythons
  3 frilled lizards
  8 kobolds
  7 rats
72 creatures vanquished.

Notes
Turn   | Place    | Note
-------+----------+-------------------------------------------
     0 | D:1      | FishyPogo the Gnoll Skald began the quest for the Orb.
     0 | D:1      | Reached XP level 1. HP: 20/20 MP: 6/6
    31 | D:1      | Reached XP level 2. HP: 18/26 MP: 7/7
   513 | D:1      | Reached XP level 3. HP: 31/31 MP: 9/9
   518 | D:1      | Learned a level 3 spell: Spectral Weapon
   522 | D:1      | Learned a level 2 spell: Shroud of Golubria
   526 | D:1      | Learned a level 3 spell: Regeneration
   873 | D:2      | Reached skill level 5 in Spellcasting
   981 | D:2      | Noticed an ice beast
   991 | D:2      | Reached skill level 1 in Invocations
  1020 | D:2      | Found a shattered altar of Ashenzari.
  1020 | D:2      | Found a glowing golden altar of the Shining One.
  1020 | D:2      | Found a bloodstained altar of Trog.
  1020 | D:2      | Found an iron altar of Okawaru.
  1027 | D:2      | Found a radiant altar of Vehumet.
  1029 | D:2      | Became a worshipper of Warmaster Okawaru
  1034 | D:2      | Found an opulent altar of Gozag.
  1058 | D:2      | Killed an ice beast
  1058 | D:2      | Reached skill level 1 in Short Blades
  1058 | D:2      | Reached skill level 1 in Axes
  1058 | D:2      | Reached skill level 1 in Maces & Flails
  1058 | D:2      | Reached skill level 1 in Polearms
  1058 | D:2      | Reached skill level 1 in Staves
  1058 | D:2      | Reached skill level 1 in Slings
  1058 | D:2      | Reached skill level 1 in Bows
  1058 | D:2      | Reached skill level 1 in Crossbows
  1058 | D:2      | Reached skill level 1 in Throwing
  1058 | D:2      | Reached skill level 1 in Stealth
  1058 | D:2      | Reached skill level 1 in Shields
  1058 | D:2      | Reached skill level 1 in Unarmed Combat
  1058 | D:2      | Reached skill level 1 in Conjurations
  1058 | D:2      | Reached skill level 1 in Hexes
  1058 | D:2      | Reached skill level 1 in Summonings
  1058 | D:2      | Reached skill level 1 in Necromancy
  1058 | D:2      | Reached skill level 1 in Translocations
  1058 | D:2      | Reached skill level 1 in Transmutations
  1058 | D:2      | Reached skill level 1 in Fire Magic
  1058 | D:2      | Reached skill level 1 in Ice Magic
  1058 | D:2      | Reached skill level 1 in Air Magic
  1058 | D:2      | Reached skill level 1 in Earth Magic
  1058 | D:2      | Reached skill level 1 in Poison Magic
  1058 | D:2      | Reached skill level 1 in Evocations
  1058 | D:2      | Reached XP level 4. HP: 38/38 MP: 6/11
  1058 | D:2      | Reached XP level 5. HP: 43/43 MP: 6/12
  1059 | D:2      | Reached * piety under Okawaru
  1577 | D:3      | Noticed Jessica
  1591 | D:3      | Killed Jessica
  1693 | D:3      | Noticed Grinder
  1737 | D:3      | Reached XP level 6. HP: 36/50 MP: 1/13
  1865 | D:3      | Paralysed by Grinder for 7 turns
  1878 | D:3      | Killed Grinder
  1878 | D:3      | Reached skill level 5 in Fighting
  1878 | D:3      | Reached skill level 5 in Long Blades
  1878 | D:3      | Reached skill level 5 in Dodging
  1938 | D:3      | Reached XP level 7. HP: 35/56 MP: 12/15
  1970 | D:3      | Reached ** piety under Okawaru
  2054 | D:3      | HP: 1/56 [orc priest/+0 flail (9)]
  2057 | D:3      | Slain by an orc

Skill      XL: |  1  2  3  4  5  6 |
---------------+-------------------+-----
Spellcasting   | 5 |  5.5
Invocations    | 1 2 |  2.5
Short Blades   | 1 2 |  2.2
Axes           | 1 2 |  2.2
Maces & Flails | 1 2 |  2.2
Polearms       | 1 2 |  2.2
Staves         | 1 2 |  2.2
Slings         | 1 2 |  2.2
Bows           | 1 2 |  2.2
Crossbows      | 1 2 |  2.2
Throwing       | 1 2 |  2.2
Stealth        | 1 2 |  2.2
Shields        | 1 2 |  2.2
Unarmed Combat | 1 2 |  2.2
Conjurations   | 1 |  1.8
Hexes          | 1 |  1.8
Summonings     | 1 |  1.8
Necromancy     | 1 |  1.8
Translocations | 1 |  1.8
Transmutations | 1 |  1.8
Fire Magic     | 1 |  1.8
Ice Magic      | 1 |  1.8
Air Magic      | 1 |  1.8
Earth Magic    | 1 |  1.8
Poison Magic   | 1 |  1.8
Evocations     | 1 2 |  2.2
Armour         | 3 |  3.4
Fighting       | 5 |  5.1
Long Blades    | 5 |  5.1
Dodging        | 5 |  5.1
Charms         | |  5.7

Action                   |  1- 3 |  4- 6 |  7- 9 || total
-------------------------+-------+-------+-------++-------
Melee: Falchion          |    87 |    73 |    22 ||   182
       Bite              |     8 |     8 |     7 ||    23
Throw: Stone             |       |     8 |     2 ||    10
 Cast: Infusion          |     5 |     7 |     2 ||    14
       Regeneration      |     1 |     1 |     1 ||     3
       Shroud of Golubri |     1 |     1 |       ||     2
       Spectral Weapon   |       |     6 |       ||     6
  Use: Potion            |       |     1 |       ||     1
 Stab: Sleeping          |     2 |       |       ||     2
  Eat: Chunk             |     1 |     3 |     1 ||     5
Armor: Leather armour    |    23 |    13 |       ||    36
       Robe              |       |     2 |     2 ||     4
Dodge: Dodged            |    67 |    46 |    27 ||   140
       Rpst.: Falchion   |    25 |    22 |    15 ||    62
